 Dungeon Crawl Stone Soup version 0.27-a0-1280-g9d2d252d84 (webtiles) character file.

Game seed: 17154514119492020168

941 Delamore the Spear-Bearer (level 8, -4/62 HPs)
             Began as a Formicid Fighter on June 13, 2021.
             Was a Priest of Fedhas.
             Slain by a vampire (10 damage)
             ... on level 6 of the Dungeon.
             The game lasted 00:05:11 (4941 turns).

Delamore the Spear-Bearer (Formicid Fighter)        Turns: 4941, Time: 00:05:11

Health: -4/62      AC: 11    Str: 23    XL:     8   Next: 34%
Magic:  8/8        EV:  8    Int:  8    God:    Fedhas [***...]
Gold:   206        SH:  0    Dex: 10    Spells: 7/7 levels left

rFire    + . .     SeeInvis +   a - +1 trident
rCold    . . .     Faith    .   m - +2 buckler
rNeg     . . .     Spirit   .   e - +2 chain mail {rF+}
rPois    .         Reflect  .   (helmet unavailable)
rElec    .         Harm     .   (no cloak)
rCorr    .         Rampage  .   (no gloves)
Will     .....                  (no boots)
Stlth    ..........             (no amulet)
HPRegen  0.20/turn              (no ring)
MPRegen  0.11/turn              (no ring)

@: confused, mighty
A: permanent stasis, dig shafts and tunnels, antennae 3, four strong arms
a: Dig, Shaft Self, Renounce Religion, Wall of Briars, Grow Ballistomycete


You were on level 6 of the Dungeon.
You worshipped Fedhas.
Fedhas was most pleased with you.
You visited 1 branch of the dungeon, and saw 6 of its levels.

You collected 260 gold pieces.
You spent 54 gold pieces at shops.

Inventory:

Hand Weapons
 a - a +1 trident (weapon)
Missiles
 g - 36 poisoned darts
Armour
 b - a +0 scale mail
 c - a +0 kite shield
 e - a +2 chain mail of fire resistance (worn)
 h - a +0 chain mail
 m - a +2 buckler (worn)
Wands
 j - a wand of flame (28)
 l - a wand of digging (6)
 s - a wand of iceblast (8)
Scrolls
 q - a scroll of fog {unknown}
 r - a scroll of identify
Potions
 f - 3 potions of heal wounds
 i - 2 potions of lignification
 k - a potion of brilliance
 n - a potion of curing
 o - a potion of flight {unknown}
 p - a potion of haste {unknown}


   Skills:
 - Level 5.0 Fighting
 * Level 8.6 Polearms
 - Level 3.2 Armour
 - Level 3.6 Shields


You had 7 spell levels left.
You didn't know any spells.
Your spell library contained the following spells:

 Spells                   Type           Power      Damage    Failure   Level
 Freeze                   Ice            0%         1d3       98%         1
 Magic Dart               Conj           0%         1d3       98%         1
 Call Imp                 Summ           0%         N/A       99%         2
 Slow                     Hex            0%         N/A       99%         2
 Conjure Flame            Conj/Fire      0%         6-21      100%        3
 Frozen Ramparts          Ice            0%         1d2       100%        3
 Mephitic Cloud           Conj/Pois/Air  0%         N/A       100%        3
 Ozocubu's Armour         Ice            0%         N/A       100%        3
 Hailstorm                Conj/Ice       0%         3d3       100%        4
 Metabolic Englaciation   Hex/Ice        0%         N/A       100%        5
 Blink                    Tloc           Unusable   N/A       N/A         2

Dungeon Overview and Level Annotations

Branches:
Dungeon (6/15)
 Temple: D:4-7

Altars:
Dithmenos
Fedhas
Qazlal
Ru
Sif Muna
Xom

Shops:
D:3 *   D:5 (


Innate Abilities, Weirdness & Mutations

You cannot be hasted, slowed, berserked, paralysed or teleported.
You can dig through walls and to a lower floor.
You have a pair of large antennae on your head. (SInv)
Your four strong arms can wield two-handed weapons with a shield.


Message History

You block the vampire's attack. The vampire bites you.
The vampire draws strength from your injuries!
You closely miss the vampire.
The vampire is severely damaged.
You hit the vampire.
The vampire is severely damaged.
The vampire barely misses you.
The vampire bites you but does no damage.
You barely miss the vampire.
The vampire is severely damaged.
The vampire draws life force from you!
The vampire is healed by the life force!
You hit the vampire.
The vampire is severely damaged.
The vampire points at you and mumbles some strange words.
You are confused.
You bump into the rock wall.
The vampire hits you!
* * * LOW HITPOINT WARNING * * *
The vampire closely misses you.
You barely miss the vampire.
The vampire is severely damaged.
The vampire hits you but does no damage.
The vampire barely misses you.
You bump into the rock wall.
The vampire casts a spell at you. You resist with some effort.
You're too confused to move!
The vampire draws life force from you!
* * * LOW HITPOINT WARNING * * *
The vampire is healed by the life force!
You bump into the rock wall.
The vampire hits you but does no damage.
The vampire bites you but does no damage.
You barely miss the vampire.
The vampire is heavily damaged.
The vampire casts a spell at you.
You are more confused.
You bump into the rock wall.
The vampire barely misses you. The vampire bites you!
You die...
Fedhas appreciates your contribution to the ecosystem.

### #.. #.. #..{
#..{ #####..{
.......##########
#...KV@.......
##############


You could see a vampire (invisible) and a kobold.

Vanquished Creatures
  A hornet (D:3)
  2 sky beasts (D:5)
  A centaur (D:5)
  A centaur skeleton (D:4)
  Terence (D:2)
  Ijyb (D:5)
  Natasha (thrice) (D:3)
  An orc wizard (D:5)
  A hound skeleton (D:4)
  3 gnolls (D:4)
  10 adders
  4 river rats (D:4)
  A shadow imp (D:5)
  An adder skeleton (D:4)
  11 orcs
  8 bats
  7 endoplasms
  2 giant cockroaches
  4 hobgoblins
  8 jackals
  3 quokkas
  7 ball pythons
  4 frilled lizards
  7 goblins
  10 kobolds
  25 rats
127 creatures vanquished.

Notes
Turn   | Place    | Note
-------+----------+-------------------------------------------
     0 | D:1      | Delamore the Formicid Fighter began the quest for the Orb.
     0 | D:1      | Reached XP level 1. HP: 18/18 MP: 1/1
   153 | D:1      | Reached XP level 2. HP: 20/24 MP: 2/2
   572 | D:1      | Reached XP level 3. HP: 25/30 MP: 3/3
   739 | D:1      | Reached skill level 3 in Polearms
   994 | D:2      | Found a faded altar of an unknown god.
  1010 | D:2      | Became a worshipper of Fedhas Madash
  1010 | D:2      | Reached * piety under Fedhas
  1071 | D:2      | Noticed Terence
  1085 | D:2      | Killed Terence
  1086 | D:2      | Reached XP level 4. HP: 15/37 MP: 4/4
  1639 | D:3      | Found Jecravem's Assorted Antiques.
  1864 | D:2      | Reached skill level 4 in Polearms
  1873 | D:2      | HP: 1/37 [poisoned by an adder]
  1876 | D:2      | Reached XP level 5. HP: 1/42 MP: 5/5
  2206 | D:3      | Bought a scroll labelled LAEBRE POAGOSU for 18 gold pieces
  2206 | D:3      | Bought a scroll labelled WEBLACZ BICHAL for 18 gold pieces
  2206 | D:3      | Bought a scroll labelled XUNYORHIFRA for 18 gold pieces
  2260 | D:3      | Noticed Natasha
  2265 | D:3      | Killed Natasha
  2430 | D:3      | Reached ** piety under Fedhas
  2493 | D:3      | Noticed Natasha
  2504 | D:3      | Killed Natasha
  2523 | D:3      | Noticed Natasha
  2529 | D:3      | Killed Natasha
  2530 | D:3      | Reached XP level 6. HP: 34/50 MP: 6/6
  2693 | D:3      | Reached skill level 5 in Polearms
  2815 | D:4      | Noticed a hornet
  2827 | D:3      | Killed a hornet
  2828 | D:3      | Reached skill level 5 in Fighting
  2828 | D:3      | Reached skill level 6 in Polearms
  2828 | D:3      | Reached XP level 7. HP: 35/56 MP: 7/7
  3305 | D:4      | Reached *** piety under Fedhas
  3347 | D:4      | Found a blossoming altar of Fedhas.
  3361 | D:4      | Reached skill level 7 in Polearms
  3435 | D:4      | Found a shimmering blue altar of Sif Muna.
  3438 | D:4      | Found a sacrificial altar of Ru.
  3851 | D:5      | Entered Level 5 of the Dungeon
  3957 | D:5      | Found a shimmering altar of Xom.
  4072 | D:5      | Found Lafas's Weapon Shoppe.
  4135 | D:5      | Reached XP level 8. HP: 62/62 MP: 8/8
  4176 | D:5      | Reached skill level 8 in Polearms
  4348 | D:5      | Found a stormy altar of Qazlal.
  4513 | D:5      | Found a shadowy altar of Dithmenos.
  4709 | D:5      | Noticed Ijyb
  4728 | D:5      | Killed Ijyb
  4909 | D:6      | Noticed a vampire
  4941 | D:6      | Slain by a vampire

Illustrated notes

Levels and vault maps discovered:
D:1:      dpeg_arrival_orchard, layout_basic, minmay_bisected
D:2:      layout_loops_ring, chequers_ecumenical_altar_simple, uniq_terence
D:3:      layout_rooms, serial_shops, shop, hangedman_feature_mirror,
          uniq_natasha
D:4:      layout_loops_ring, general_overflow_altar,
          chequers_temple_overflow_statue_of_worship, chequers_jeans,
          dk_rats_in_the_wall
D:5:      layout_loops_ring, lemuel_round_altar, nicolae_overflow_crystal_walls,
          nicolae_overflow_hidden_temple, serial_shops, nicolae_shop_crystal,
          minmay_misc_feat_iff, uniq_ijyb
D:6:      layout_rooms, gup_sewer_entry_pipe

Skill      XL: |  1  2  3  4  5  6  7  8 |
---------------+-------------------------+-----
Polearms       | 3 4 6 7 8 |  8.6
Fighting       | 4 5 |  5.0
Armour         | |  3.2
Shields        | |  3.6

Action                   |  1- 3 |  4- 6 |  7- 9 || total
-------------------------+-------+-------+-------++-------
Melee: Trident           |   120 |   140 |   283 ||   543
 Abil: Dig               |       |     1 |     3 ||     4
  Use: Scroll            |     5 |     6 |     1 ||    12
       Potion            |       |     2 |     1 ||     3
Armor: Scale mail        |     9 |       |       ||     9
       Chain mail        |    30 |    96 |   139 ||   265
Dodge: Dodged            |    24 |    47 |    71 ||   142
Block: Kite shield       |    52 |   101 |    28 ||   181
       Buckler           |       |       |    52 ||    52

Table legend: (Time is in decaauts)
 A = Elapsed time spent in this place.
 B = Non-inter-level travel time spent in this place.
 C = Inter-level travel time spent in this place.
 D = Time resting spent in this place.
 E = Time spent auto-exploring this place.
 F = Levels seen in this place.
 G = Mean time per level.
                   A        B        C        D        E       F      G
               +--------+--------+--------+--------+--------+-----+--------+
         Total |   5019 |   4863 |    156 |    753 |   3114 |   6 |  836.5 |
       Dungeon |   5019 |   4863 |    156 |    753 |   3114 |   6 |  836.5 |
               +--------+--------+--------+--------+--------+-----+--------+

Top non-repeatable levels by time:
     D:2: 1361 daAuts
     D:5: 1048 daAuts
     D:4: 918 daAuts
     D:1: 853 daAuts
     D:3: 808 daAuts
     D:6: 29 daAuts
